 Dungeon Crawl Stone Soup version 0.30-a0-800-g7c544603b3 (webtiles) character file.

Game seed: 16882813958310205809

121 cforsyth the Ducker (level 5, -1/32 HPs)
             Began as a Kobold Gladiator on Feb 21, 2023.
             Killed by divine providence
             ... invoked by an orc priest
              (15 damage)
             ... on level 3 of the Dungeon.
             The game lasted 00:03:02 (2403 turns).

cforsyth the Ducker (Kobold Gladiator)              Turns: 2403, Time: 00:03:02

Health: -1/32      AC:  4    Str: 11    XL:     5   Next: 26%
Magic:  5/5        EV: 16    Int: 10    God:
Gold:   119        SH:  0    Dex: 18    Spells: 4/4 levels left

rFire   . . .      SeeInvis .    a - +0 long sword
rCold   . . .      Faith    .    (no shield)
rNeg    . . .      Spirit   .    b - +0 leather armour
rPois   .          Reflect  .    c - +0 helmet
rElec   .          Harm     .    (no cloak)
rCorr   .          Rampage  .    (no gloves)
Will    .....                    (no boots)
Stlth   +++                      (no amulet)
HPRegen 0.25/turn                (no ring)
MPRegen 0.09/turn                (no ring)

@: no status effects
A: small, no large weapons, nightstalker 3
a: no special abilities


You were on level 3 of the Dungeon.
You visited 1 branch of the dungeon, and saw 3 of its levels.

You collected 119 gold pieces.

Inventory:

Hand Weapons
 a - a +0 long sword (weapon)
Missiles
 d - 3 throwing nets (quivered)
 e - 2 boomerangs
Armour
 b - a +0 leather armour (worn)
 c - a +0 helmet (worn)
Jewellery
 o - an amulet of magic regeneration
Scrolls
 h - a scroll of poison {unknown}
 j - a scroll of blinking {unknown}
 k - a scroll of identify {unknown}
 l - a scroll of amnesia {unknown}
 n - a scroll of brand weapon {unknown}
Potions
 f - a potion of attraction {unknown}
 g - a potion of ambrosia {unknown}
 i - 2 potions of berserk rage {unknown}
 m - a potion of cancellation {unknown}
 p - a potion of might {unknown}


   Skills:
 + Level 3.3 Fighting
 + Level 3.1 Long Blades
 - Level 2.1 Throwing
 + Level 4.6 Dodging
 + Level 3.0 Stealth


You had 4 spell levels left.
You didn't know any spells.
Your spell library was empty.

Dungeon Overview and Level Annotations

Branches:
Dungeon (3/15)

Altars:

Shops:
D:1 =


Innate Abilities, Weirdness & Mutations

You are small and have problems with some larger weapons.
You are completely attuned to the shadows.


Message History

A frilled lizard is nearby!
A frilled lizard is nearby!
A frilled lizard is nearby!
The helpless frilled lizard fails to defend itself.
You hit the frilled lizard.
You kill the frilled lizard!
No target in view!
No target in view!
No target in view!
No target in view!
No target in view!
You open the large door.
There is a large open door here.
There is a large open door here.
An orc comes into view. It is wielding a +0 hand axe.
Found a stone staircase leading down.
An orc is nearby!
An orc is nearby!
An orc is nearby! 2 orcs come into view.
An orc priest comes into view. It is wielding a +0 club.
The orc priest shouts!
The orc shouts!
You hear a shout!
An orc comes into view. It is wielding a +0 dagger.
The orc hits you with a +0 short sword.
You barely miss the orc priest.
The orc shouts! x2
You punch the orc priest.
The orc priest is lightly wounded.
The orc priest invokes the aid of Beogh against you.
You barely resist. The orc hits you with a +0 short sword.
The orc priest calls down the wrath of Beogh upon you.
Pain shoots through your body! The orc closely misses you.
You are too injured to fight recklessly!
You are too injured to fight recklessly!
You are too injured to fight recklessly!
You are too injured to fight recklessly!
The orc attacks as you move away! The orc misses you. x2
The orc priest invokes the aid of Beogh against you.
Beogh smites you!
You die...

##############
#######...........[#
.....##....#####[[..
.....''..†......<...
.....##.)...###.....
.....##....## #.....
#######.##....# #.....
...oo.@.#.....# #.....
...ooo..#..#.#####.####
...........#.......#
.......>...#..######
........####..#
........# ..... ......


You could see an orc priest and 4 orcs.

Vanquished Creatures
  2 orc wizards
  2 adders (D:2)
  A worm (D:2)
  A dart slug (D:1)
  3 orcs
  2 ball pythons (D:1)
  2 bats (D:1)
  5 endoplasms
  A giant cockroach (D:2)
  3 goblins
  4 hobgoblins
  4 jackals (D:1)
  4 kobolds
  A quokka (D:2)
  3 frilled lizards
  5 rats
43 creatures vanquished.

Vanquished Creatures (others)
  2 plants (D:2)
2 creatures vanquished.

Grand Total: 45 creatures vanquished

Notes
Turn   | Place    | Note
-------+----------+-------------------------------------------
     0 | D:1      | cforsyth the Kobold Gladiator began the quest for the Orb.
     0 | D:1      | Reached XP level 1. HP: 12/12 MP: 1/1
   390 | D:1      | Reached XP level 2. HP: 18/18 MP: 2/2
   404 | D:1      | Reached skill level 1 in Stealth
   618 | D:1      | Reached skill level 4 in Dodging
   679 | D:1      | Reached XP level 3. HP: 22/22 MP: 3/3
  1121 | D:1      | Found Xeohow's Jewellery Emporium.
  1489 | D:3      | Reached XP level 4. HP: 23/27 MP: 4/4
  1771 | D:2      | Reached XP level 5. HP: 29/32 MP: 5/5
  1869 | D:2      | Found a faded altar of an unknown god.
  2403 | D:3      | Killed from afar by an orc priest

Illustrated notes

Levels and vault maps discovered:
D:1:      giann_forest_graveyard, layout_basic, serial_shops, nicolae_shop_trees
D:2:      layout_rooms, ebering_ecumenical_altar_rust,
          dreamdust_princess_corridor, kennysheep_minor_cross, minivault_14,
          serial_bayou_pond_a
D:3:      layout_basic, ebering_ghost_inner_flame

Skill      XL: |  1  2  3  4  5 |
---------------+----------------+-----
Stealth        | 1 2 3 |  3.0
Dodging        | 4 |  4.6
Fighting       | 3 |  3.3
Long Blades    | 3 |  3.1
Throwing       | |  2.1

Action                     |  1- 3 |  4- 6 || total
---------------------------+-------+-------++-------
  Melee: Long sword        |    71 |    60 ||   131
         Punch             |       |     1 ||     1
   Stab: Sleeping          |     5 |     8 ||    13
 Armour: Leather armour    |    23 |     5 ||    28
  Dodge: Dodged            |    93 |    36 ||   129

Table legend: (Time is in decaauts)
 A = Elapsed time spent in this place.
 B = Non-inter-level travel time spent in this place.
 C = Inter-level travel time spent in this place.
 D = Time resting spent in this place.
 E = Time spent auto-exploring this place.
 F = Levels seen in this place.
 G = Mean time per level.
                   A        B        C        D        E       F      G
               +--------+--------+--------+--------+--------+-----+--------+
         Total |   2439 |   2386 |     53 |    349 |   1673 |   3 |  813.0 |
       Dungeon |   2439 |   2386 |     53 |    349 |   1673 |   3 |  813.0 |
               +--------+--------+--------+--------+--------+-----+--------+

Top non-repeatable levels by time:
     D:1: 1185 daAuts
     D:2: 923 daAuts
     D:3: 329 daAuts
